 Dungeon Crawl Stone Soup version 0.20.0-15-g7f486f2 (webtiles) character file.

6905 NoAnimeNoLife the Bludgeoner (level 11, 0/90 HPs)
             Began as a Gargoyle Fighter on June 14, 2017.
             Was a High Priest of Okawaru.
             Slain by an orc priest
             ... wielding a +2 whip of flaming
              (1 damage)
             ... on level 10 of the Dungeon.
             The game lasted 00:12:42 (7518 turns).

NoAnimeNoLife the Bludgeoner (Gargoyle Fighter)     Turns: 7518, Time: 00:12:43

Health: 0/90       AC: 25    Str: 25    XL:     11   Next: 6%
Magic:  11/11      EV:  2    Int:  9    God:    Okawaru [*****.]
Gold:   545        SH: 12    Dex: 12    Spells: 10/10 levels left

rFire    . . .     SeeInvis .   J - +2 flail (crush)
rCold    . . .     Gourm    .   M - +2 shield
rNeg     + + +     Faith    .   (armour currently unavailable)
rPois    ∞         Spirit   .   (helmet currently unavailable)
rElec    .         Reflect  .   (cloak currently unavailable)
rCorr    +         Harm     .   (gloves currently unavailable)
MR       .....     NoTele   +   (boots currently unavailable)
Stlth    ++........             q - amulet of regeneration
Regen    0.7/turn               m - ring of resist corrosion
MPRegen  0.2/turn               F - ring of stealth

@: mighty, tree-form, slowed, very slow
A: negative energy resistance 1, wild magic 1, petrification resistance, rot
immunity, AC +7
a: Heroism, Finesse, Renounce Religion


You were on level 10 of the Dungeon.
You worshipped Okawaru.
Okawaru was extremely pleased with you.
You were hungry.
You were a tree.
You visited 2 branches of the dungeon, and saw 11 of its levels.

You collected 545 gold pieces.

Inventory:

Hand Weapons
 p - a +2 whip of flaming
 J - a +2 flail of crushing (weapon)
 L - a -1 mace
 N - the +4 dagger "Eluofys" {holy, rElec rN+ Int+2, unknown}
   (You found it on level 8 of the Dungeon)

   It has been blessed by the Shining One to cause great damage to the undead
   and demons.
   It affects your intelligence (+2).
   It insulates you from electricity.
   It protects you from negative energy.
Armour
 c - a +0 shield
 e - a +1 pair of boots (melded)
 n - a +0 plate armour (melded)
 K - a +1 pair of gloves (melded)
 M - a +2 shield (worn)
 R - a +2 helmet (melded)
Jewellery
 m - a ring of resist corrosion (left branch)
 q - an amulet of regeneration (around neck)
 F - a ring of stealth (right branch)
 G - an uncursed amulet of magic regeneration
 H - an uncursed ring of magical power
Wands
 a - a wand of digging (8/24)
 b - a wand of flame (23/48)
 h - a wand of acid (3/15)
 C - a wand of clouds (7/9)
 I - a wand of scattershot (6/9)
 O - a wand of polymorph (9/24)
 P - a wand of scattershot (6/9)
 S - a wand of random effects (30/48)
Scrolls
 i - a scroll of magic mapping
 j - a scroll of immolation
 k - 2 scrolls of amnesia
 l - a scroll of enchant weapon
 s - 2 scrolls of noise
 v - 3 scrolls of teleportation
 y - a scroll of identify
 E - a scroll of recharging
 Q - a scroll of fog {unknown}
Potions
 d - a potion of might
 g - 2 potions of ambrosia
 o - 2 potions of invisibility
 t - 2 potions of brilliance
 x - a potion of lignification
 z - 2 potions of cancellation
 A - a potion of agility
 B - a potion of flight
 D - 2 potions of curing
Books
 w - a book of Callings

   Spells                             Type                      Level
   a - Summon Small Mammal            Summoning                    1
   b - Call Imp                       Summoning                    2
   c - Call Canine Familiar           Summoning                    3
   d - Summon Guardian Golem          Hexes/Summoning              3
   e - Summon Lightning Spire         Summoning/Air                4
   f - Summon Ice Beast               Ice/Summoning                4
Comestibles
 f - 7 bread rations
 r - 15 royal jellies
 u - 6 meat rations
 T - 2 chunks of flesh


   Skills:
 - Level 3.4 Fighting
 + Level 15.6 Maces & Flails
 - Level 3.5 Armour
 - Level 0.1 Dodging
 - Level 0.2 Stealth
 - Level 3.4 Shields


You had 10 spell levels left.
You didn't know any spells.

Dungeon Overview and Level Annotations

Branches:
Dungeon (10/15)            Temple (1/1) D:5
   Lair: D:8-11         Orc: D:9-12

Altars:
Ashenzari
Cheibriados
Dithmenos
Elyvilon
Fedhas
Gozag
Hepliaklqana
Kikubaaqudgha
Makhleb
Nemelex Xobeh
Okawaru
Qazlal
Ru
Sif Muna
Uskayaw
Vehumet
Xom
Yredelemnul
Zin
The Shining One

Shops:
D:5 =

Annotations:
D:9 Maurice


Innate Abilities, Weirdness & Mutations

You are resistant to torment.
((Your stone body is resilient. (AC +7)))
You are immune to poison.
You resist negative energy. (rN+)
((You are resistant to electric shocks. (rElec)))
((You can survive without breathing.))
You are immune to petrification.
You are immune to rotting.
((You have sharp toenails.))
Your spells are a little harder to cast, but a little more powerful.


Message History

* * * LOW HITPOINT WARNING * * *
You feel better. The ogre hits you but does no damage.
The orc priest hits you but does no damage. x2
You feel very mighty all of a sudden. You block the ogre's attack.
The orc priest hits you but does no damage.
You sock the ogre!
You kill the ogre!
Okawaru accepts your kill.
The orc priest hits you but does no damage.
You closely miss the orc. The orc priest completely misses you.
You block the orc's attack.
The orc priest invokes the aid of Beogh against you.
Beogh smites you!
* * * LOW HITPOINT WARNING * * *
You completely miss the orc. You block the orc's attack.
The orc priest hits you with a whip of flaming.
* * * LOW HITPOINT WARNING * * *
The orc priest burns you.
You die...

#.........#
#......†..##### .
#.............## ..
#.........#..... ..
#............... #.
##.......##....# ..
#)(.......#.....
...##.###.))......#.....
#......♣o.........#.....
#......#o.........#.....
.......#................
#......###.........####.
#...... #......#.##
#...... ###..#...#
....... ##...### .......
##...# #......


You could see an orc priest and an orc.

Vanquished Creatures
  Josephine (D:10)
  Erica (D:9)
  A two-headed ogre (D:8)
  Pikel (D:9)
  3 hornets (D:9)
  3 wraiths (D:10)
  A hungry ghost (D:7)
  Menkaure (D:7)
  Edmund (D:6)
  2 soldier ants
  A water moccasin (D:8)
  Duvessa (D:4)
  An orc warrior (D:7)
  A necrophage (D:7)
  A phantom (D:4)
  A slave (D:9)
  4 ogres
  3 centaurs (D:6)
  A big kobold (D:7)
  Blork the orc (D:5)
  3 bullfrogs
  Dowan (D:4)
  3 killer bees (D:8)
  2 scorpions (D:4)
  A howler monkey (D:6)
  2 crimson imps (D:6)
  A bullfrog zombie (D:8)
  4 hounds
  2 jellies
  An orc priest (D:3)
  3 orc wizards
  2 bullfrog skeletons
  Crazy Yiuf (D:3)
  Jessica (D:3)
  5 iguanas
  3 worker ants
  A hound zombie (D:5)
  2 hound skeletons
  11 adders
  6 gnolls (D:3)
  A shadow imp (D:9)
  7 oozes (D:3)
  An adder zombie (D:5)
  2 adder skeletons (D:6)
  3 worms
  2 dart slugs
  A leopard gecko (D:10)
  19 orcs
  7 bats
  5 giant cockroaches
  6 goblins
  7 hobgoblins
  6 jackals
  14 kobolds
  10 quokkas
  A ball python (D:3)
  3 frilled lizards (D:3)
  A jackal skeleton (D:4)
  A leopard gecko skeleton (D:5)
  A quokka skeleton (D:9)
  7 rats
190 creatures vanquished.

Vanquished Creatures (others)
  3 slaves (D:9)
  2 orcs (D:10)
  2 fungi (D:3)
  A plant (D:3)
  6 toadstools (D:3)
14 creatures vanquished.

Grand Total: 204 creatures vanquished

Notes
Turn   | Place    | Note
-------+----------+-------------------------------------------
     0 | D:1      | NoAnimeNoLife the Gargoyle Fighter began the quest for the Orb.
     0 | D:1      | Reached XP level 1. HP: 14/14 MP: 1/1
   550 | D:1      | Reached XP level 2. HP: 19/19 MP: 2/2
  1258 | D:2      | Reached XP level 3. HP: 23/23 MP: 3/3
  1712 | D:2      | Reached skill level 3 in Maces & Flails
  1809 | D:3      | Reached XP level 4. HP: 13/28 MP: 4/4
  1861 | D:3      | Gained mutation: You have sharp toenails. [potion of mutation]
  1861 | D:3      | Gained mutation: Your spells are a little harder to cast, but a little more powerful. [potion of mutation]
  1870 | D:3      | Reached skill level 4 in Maces & Flails
  1928 | D:3      | Reached XP level 5. HP: 22/32 MP: 5/5
  2120 | D:3      | Found a runed door.
  2194 | D:3      | Reached skill level 5 in Maces & Flails
  2324 | D:3      | Reached XP level 6. HP: 37/37 MP: 6/6
  2442 | D:3      | Noticed Jessica
  2446 | D:3      | Killed Jessica
  2446 | D:3      | Reached skill level 6 in Maces & Flails
  2493 | D:3      | Found a shattered altar of Ashenzari.
  2493 | D:3      | Found a radiant altar of Vehumet.
  2591 | D:3      | Noticed Crazy Yiuf
  2604 | D:3      | Killed Crazy Yiuf
  2780 | D:4      | Noticed a phantom
  2811 | D:4      | Killed a phantom
  2811 | D:4      | Reached skill level 7 in Maces & Flails
  2811 | D:4      | Reached XP level 7. HP: 33/41 MP: 7/7
  2821 | D:4      | Found a white marble altar of Elyvilon.
  2821 | D:4      | Noticed Dowan
  2822 | D:4      | Noticed Duvessa
  2850 | D:4      | Killed Duvessa
  2863 | D:4      | Killed Dowan
  2863 | D:4      | Reached skill level 8 in Maces & Flails
  3573 | D:5      | Entered Level 5 of the Dungeon
  3576 | D:5      | Reached skill level 9 in Maces & Flails
  3576 | D:5      | Reached XP level 8. HP: 43/46 MP: 8/8
  3664 | D:5      | Found a staircase to the Ecumenical Temple.
  3689 | Temple   | Entered the Ecumenical Temple
  3788 | Temple   | Became a worshipper of Warmaster Okawaru
  4004 | D:5      | Found Pitwibes's Jewellery Shop.
  4027 | D:5      | Noticed Blork the orc
  4043 | D:5      | Killed Blork the orc
  4479 | D:6      | Reached skill level 10 in Maces & Flails
  4789 | D:6      | Reached * piety under Okawaru
  4892 | D:6      | Noticed Edmund
  4907 | D:6      | Killed Edmund
  4925 | D:6      | Reached skill level 11 in Maces & Flails
  4925 | D:6      | Reached XP level 9. HP: 46/51 MP: 9/9
  5639 | D:7      | Noticed Menkaure
  5646 | D:7      | Killed Menkaure
  5646 | D:7      | Reached skill level 12 in Maces & Flails
  5826 | D:7      | Found a blossoming altar of Fedhas.
  5922 | D:7      | Found a burning altar of Makhleb.
  6243 | D:8      | Got a bloodstained dagger
  6285 | D:8      | Reached ** piety under Okawaru
  6373 | D:8      | Noticed a two-headed ogre
  6396 | D:8      | Killed a two-headed ogre
  6396 | D:8      | Reached skill level 13 in Maces & Flails
  6396 | D:8      | Reached XP level 10. HP: 9/56 MP: 10/10
  6406 | D:8      | Reached *** piety under Okawaru
  6464 | D:8      | You fall through a shaft!
  6516 | D:9      | Noticed Pikel
  6575 | D:9      | Killed Pikel
  6888 | D:9      | Reached skill level 14 in Maces & Flails
  6916 | D:9      | Noticed Maurice
  6947 | D:9      | Noticed Erica
  6966 | D:9      | Killed Erica
  6966 | D:9      | Reached **** piety under Okawaru
  7401 | D:10     | Entered Level 10 of the Dungeon
  7455 | D:10     | Reached skill level 15 in Maces & Flails
  7459 | D:10     | Noticed Josephine
  7481 | D:10     | Killed Josephine
  7481 | D:10     | Reached ***** piety under Okawaru
  7481 | D:10     | Reached XP level 11. HP: 9/60 MP: 11/11
  7513 | D:10     | HP: 3/90 [orc priest/divine providence (12)]
  7517 | D:10     | HP: 1/90 [orc priest/divine providence (13)]
  7518 | D:10     | Slain by an orc priest

Skill      XL: |  1  2  3  4  5  6  7  8  9 10 |
---------------+-------------------------------+-----
Maces & Flails | 3 4 5 7 9 11 13 15 | 15.6
Fighting       | |  3.4
Armour         | |  3.5
Dodging        | |  0.1
Stealth        | |  0.2
Shields        | |  3.4

Action                   |  1- 3 |  4- 6 |  7- 9 | 10-12 || total
-------------------------+-------+-------+-------+-------++-------
Melee: Flail             |   122 |   210 |   439 |   208 ||   979
       Mace              |       |       |       |     7 ||     7
  Use: Potion            |     4 |     5 |     1 |     3 ||    13
       Scroll            |       |       |    14 |     7 ||    21
 Stab: Invisible         |       |     2 |       |       ||     2
  Eat: Chunk             |     2 |     5 |     9 |     2 ||    18
       Fruit             |       |       |     2 |       ||     2
       Meat ration       |       |       |     1 |       ||     1
       Bread ration      |       |       |     1 |       ||     1
Armor: Scale mail        |    68 |    25 |       |       ||    93
       Plate armour      |       |   103 |   251 |   107 ||   461
       Ring mail         |       |       |     2 |       ||     2
       Skin              |       |       |       |    22 ||    22
Dodge: Dodged            |    44 |    35 |    50 |    14 ||   143
Block: Shield            |    71 |    95 |   196 |   100 ||   462
